 Dungeon Crawl Stone Soup version 0.26.1-11-gd32895ea62 (webtiles) character file.

Game seed: 11139351390702252642

3350 Gwenloh the Transmogrifier (level 10, -1/65 HPs)
             Began as a Merfolk Transmuter on May 18, 2021.
             Was an Initiate of Ru.
             Slain by a black bear (3 damage)
             ... on level 7 of the Dungeon.
             The game lasted 00:27:53 (8543 turns).

Gwenloh the Transmogrifier (Merfolk Transmuter)     Turns: 8543, Time: 00:27:53

Health: -1/65      AC: 11    Str:  9 (10) XL:     10   Next: 3%
Magic:  8/13       EV: 13    Int: 15 (16) God:    Ru [......]
Gold:   336        SH:  0    Dex: 20 (21) Spells: 2/13 levels left

rFire    . . .     SeeInvis .     - Unarmed
rCold    . . .     Faith    +   (shield currently unavailable)
rNeg     . . .     Spirit   .   p - +0 steam dragon scales
rPois    .         Reflect  .   (no helmet)
rElec    .         Harm     .   x - +0 cloak
rCorr    .         Rampage  .   (gloves currently unavailable)
Will     .....                  l - +0 pair of boots
Stlth    ++........             s - amulet of faith
HPRegen  0.20/turn              m - +4 ring of protection
MPRegen  0.13/turn              C - +6 ring of dexterity

@: blade hands
A: change form in water, swift swim, stealthy swim
a: End Transformation, Renounce Religion


You were on level 7 of the Dungeon.
You worshipped Ru.
Ru was noncommittal.
You had blades for hands.
You visited 2 branches of the dungeon, and saw 8 of its levels.

You collected 336 gold pieces.

Inventory:

Missiles
 e - 76 stones
 g - 9 atropa-tipped darts
 n - 15 poisoned darts (quivered)
 E - 5 datura-tipped darts
Armour
 a - a +0 robe
 l - a +0 pair of boots (worn)
 p - +0 steam dragon scales (worn)
 r - a +0 pair of gloves (melded)
 x - a +0 cloak (worn)
Jewellery
 m - a +4 ring of protection (left scythe-like blade)
 s - an amulet of faith (around neck)
 C - a +6 ring of dexterity (right scythe-like blade)
 I - an uncursed ring of stealth
Wands
 y - a wand of digging (3)
 G - a wand of flame (19)
 H - a wand of enslavement (3)
Scrolls
 c - 5 scrolls of remove curse
 j - 9 scrolls of teleportation
 k - a scroll of enchant armour
 o - a scroll of fog
 q - a scroll of blinking
 v - a scroll of enchant weapon
 z - a scroll of amnesia
 A - 2 scrolls of magic mapping
 B - a scroll of fear {unknown}
 D - a scroll of random uselessness {unknown}
Potions
 d - a potion of heal wounds {unknown}
 f - 3 potions of flight
 h - a potion of degeneration
 i - a potion of might
 t - a potion of lignification {unknown}
 u - a potion of curing
 w - a potion of magic {unknown}
 F - a potion of cancellation {unknown}


   Skills:
 - Level 1.1 Fighting
 - Level 2.6 Dodging
 + Level 9.4 Unarmed Combat
 - Level 2.0 Spellcasting
 * Level 14.2 Transmutations


You had 2 spell levels left.
You knew the following spells:

 Your Spells              Type           Power        Failure   Level
a - Beastly Appendage     Tmut           88%          6%          1
b - Wereblood             Tmut           44%          7%          2
c - Spider Form           Tmut/Pois      11%          28%         3
d - Blade Hands           Tmut           22%          21%         5

Your spell library contained the following spells:

 Spells                   Type           Power        Failure   Level
 Ice Form                 Ice/Tmut       22%          50%         4


Dungeon Overview and Level Annotations

Branches:
Dungeon (7/15)             Temple (1/1) D:6

Altars:
Ashenzari
Cheibriados
Elyvilon
Fedhas
Hepliaklqana
Makhleb
Nemelex Xobeh
Okawaru
Qazlal
Ru
Sif Muna
Trog
Vehumet
Xom
Yredelemnul
Zin
The Shining One
Lugonu


Message History

You hit the boulder beetle.
The boulder beetle is almost dead.
The black bear bites you but does no damage.
The black bear closely misses you. x2; The boulder beetle bites you!
* * * LOW HITPOINT WARNING * * *
You slash the boulder beetle!
You kill the boulder beetle!
The black bear bites you.
* * * LOW HITPOINT WARNING * * *
The black bear claws you but does no damage.
The black bear barely misses you.
You feel your strength returning.
You feel your intelligence returning.
Your Unarmed Combat skill increases to level 9!
Your Transmutations skill increases to level 14!
You have reached level 10!
You feel agile.
You hit the black bear.
The black bear is lightly wounded.
The black bear bites you.
You die...

####+##
......##
#.....(#
#######......#
#............+
#............#
#.......h....#
#......@.....#
#...##########
#


You could see a black bear.

Vanquished Creatures
  A boulder beetle (D:7)
  Pikel (D:5)
  The ghost of Sassenached the Slicer, a novice KoWn (D:6)
  Grinder (D:6)
  Edmund (D:5)
  An orc warrior (D:6)
  A sky beast (D:6)
  4 lemures (D:5)
  9 big kobolds (D:6)
  A scorpion (D:4)
  A quasit (D:5)
  2 hounds
  Crazy Yiuf (D:4)
  An orc priest (D:6)
  A bullfrog skeleton (D:5)
  A jelly (D:6)
  A centaur skeleton (D:4)
  4 iguanas
  3 orc wizards
  4 worker ants
  A worker ant zombie (D:3)
  6 adders
  3 ufetubi
  3 worms
  6 dart slugs
  9 leopard geckos
  18 orcs
  4 giant cockroaches
  6 goblins
  5 hobgoblins
  15 jackals
  4 quokkas
  4 ball pythons
  5 bats (D:2)
  6 frilled lizards
  3 kobolds
  A leopard gecko skeleton (D:6)
  3 rats
142 creatures vanquished.

Vanquished Creatures (others)
  An adder (D:2)
  9 plants (D:4)
10 creatures vanquished.

Grand Total: 152 creatures vanquished

Notes
Turn   | Place    | Note
-------+----------+-------------------------------------------
     0 | D:1      | Gwenloh the Merfolk Transmuter began the quest for the Orb.
     0 | D:1      | Reached XP level 1. HP: 15/15 MP: 3/3
   255 | D:1      | Reached skill level 3 in Transmutations
   417 | D:1      | Reached XP level 2. HP: 21/21 MP: 3/5
   420 | D:1      | Learned a level 2 spell: Wereblood
   942 | D:1      | Reached skill level 4 in Transmutations
   942 | D:1      | Reached XP level 3. HP: 22/26 MP: 3/6
  1177 | D:2      | Learned a level 3 spell: Spider Form
  1805 | D:2      | Reached XP level 4. HP: 32/32 MP: 3/7
  1864 | D:2      | You fall into a shaft and drop 2 floors!
  1897 | D:4      | Reached skill level 5 in Transmutations
  2284 | D:4      | Found a shimmering blue altar of Sif Muna.
  2593 | D:2      | Found a burning altar of Makhleb.
  2606 | D:2      | Found a shimmering altar of Xom.
  2674 | D:2      | Found a stormy altar of Qazlal.
  2710 | D:2      | Found a hazy altar of Hepliaklqana.
  2735 | D:2      | Found a basalt altar of Yredelemnul.
  2826 | D:2      | Reached XP level 5. HP: 37/37 MP: 6/8
  2850 | D:2      | Found an iron altar of Okawaru.
  2940 | D:2      | Found a radiant altar of Vehumet.
  4103 | D:3      | Reached skill level 6 in Transmutations
  5019 | D:4      | Reached skill level 5 in Unarmed Combat
  5019 | D:4      | Reached skill level 7 in Transmutations
  5019 | D:4      | Reached XP level 6. HP: 43/43 MP: 3/9
  5475 | D:4      | Found a runed translucent door.
  5476 | D:4      | Noticed Crazy Yiuf
  5488 | D:4      | Killed Crazy Yiuf
  5564 | D:5      | Entered Level 5 of the Dungeon
  5564 | D:5      | Noticed Edmund
  5582 | D:5      | Killed Edmund
  5583 | D:5      | Reached skill level 8 in Transmutations
  5583 | D:5      | Reached XP level 7. HP: 38/48 MP: 7/10
  6030 | D:5      | Noticed Pikel
  6123 | D:5      | Killed Pikel
  6124 | D:5      | Reached skill level 10 in Transmutations
  6124 | D:5      | Reached XP level 8. HP: 46/54 MP: 8/11
  6207 | D:5      | Learned a level 5 spell: Blade Hands
  7111 | D:6      | Found a runed translucent gate.
  7112 | D:6      | Found a runed translucent gate.
  7113 | D:6      | Found a runed translucent gate.
  7113 | D:6      | Noticed Sassenached's ghost (novice KoWn)
  7221 | D:6      | Noticed Grinder
  7227 | D:6      | Killed Grinder
  7228 | D:6      | Reached skill level 11 in Transmutations
  7647 | D:6      | Found a glowing golden altar of the Shining One.
  7649 | D:6      | Found a white marble altar of Elyvilon.
  7653 | D:6      | Found a glowing silver altar of Zin.
  7838 | D:6      | Reached XP level 9. HP: 59/59 MP: 6/12
  7915 | D:6      | Found a staircase to the Ecumenical Temple.
  7922 | Temple   | Entered the Ecumenical Temple
  7969 | Temple   | Became a worshipper of Ru the Awakened
  8121 | D:6      | Reached skill level 12 in Transmutations
  8151 | D:6      | Killed Sassenached's ghost
  8152 | D:6      | Reached skill level 13 in Transmutations
  8524 | D:7      | Noticed a boulder beetle
  8542 | D:7      | Killed a boulder beetle
  8542 | D:7      | HP: 1/59 [black bear (4)]
  8543 | D:7      | Reached skill level 14 in Transmutations
  8543 | D:7      | Reached XP level 10. HP: 2/65 MP: 8/13
  8543 | D:7      | Slain by a black bear

Illustrated notes

Levels and vault maps discovered:
D:1:      giann_wishing_wells, layout_loops_cross, minmay_curled_crystal
D:2:      layout_basic, amethyst_overflow_temple_binary, fiery_altar_vehumet,
          grunt_temple_overflow_open, okawaru_metal_pillars_1_2
D:3:      layout_basic
D:4:      minmay_clustersquares, layout_basic, general_overflow_altar,
          minmay_lizard_king, uniq_crazy_yiuf_cottage
D:5:      layout_cave_pods, hangedman_minor_gate_pass, uniq_pikel, uniq_edmund
D:6:      layout_loops_ring, good_gods_mini_temple, temple_green,
          gammafunk_ghost_nasty_kobolds, uniq_grinder
D:7:      layout_gridville, lemuel_round_altar, nzn_wu_jian_contemplation,
          nrook_mini_backslash
Temple:   corrupted_temple

Skill      XL: |  1  2  3  4  5  6  7  8  9 |
---------------+----------------------------+-----
Transmutations | 3 4 5 7 8 10 11 14 | 14.2
Unarmed Combat | 4 5 6 7 9 |  9.4
Fighting       | |  1.1
Dodging        | |  2.6
Spellcasting   | |  2.0

Action                   |  1- 3 |  4- 6 |  7- 9 | 10-12 || total
-------------------------+-------+-------+-------+-------++-------
Melee: Unarmed           |    99 |   164 |   181 |     1 ||   445
       Headbutt          |    11 |    14 |     8 |       ||    33
       Punch             |       |     1 |     6 |       ||     7
Throw: Stone             |    22 |     6 |       |       ||    28
       Dart              |       |    13 |    22 |       ||    35
 Cast: Beastly Appendage |    18 |    30 |     9 |       ||    57
       Wereblood         |     3 |     2 |     2 |       ||     7
       Spider Form       |     2 |     6 |     4 |       ||    12
       Blade Hands       |       |       |    13 |       ||    13
  Use: Scroll            |       |       |     8 |       ||     8
       Potion            |       |       |     4 |       ||     4
 Stab: Sleeping          |       |     1 |       |       ||     1
Armor: Robe              |     5 |    13 |       |       ||    18
       Steam dragon scal |       |    15 |    45 |       ||    60
       Skin              |       |     3 |    11 |       ||    14
Dodge: Dodged            |    55 |   105 |   112 |       ||   272
